[ AOE2 MATCH · #457084640 ]
Team RMMapuche vs Lithuanians
[ REPLAY ANALYSIS · EXTRACTED FROM THE RECORDED GAME ]
Feudal
—
Castle
—
Imperial
—
| APM avg | 19.1 |
| APM peak | 48 |
| eAPM avg | 12.5 |
| Villagers / military | 67 / 83 |
Focus
⚔️ 28.2% · 🌾 71.8%
Bolas Rider ×64 · Kona ×13 · Trebuchet (Packed) ×3 · Skirmisher ×2 · Petard ×1
Feudal
12:21
Castle
16:42
Imperial
—
| APM avg | 28.9 |
| APM peak | 84 |
| eAPM avg | 19.1 |
| Villagers / military | 51 / 27 |
Focus
⚔️ 19.2% · 🌾 80.8%
Skirmisher ×20 · Archer ×4 · Cavalry Archer ×2 · Battering Ram ×1
Feudal
11:28
Castle
15:40
Imperial
33:19
| APM avg | 26.9 |
| APM peak | 65 |
| eAPM avg | 15.3 |
| Villagers / military | 132 / 85 |
Focus
⚔️ 27.7% · 🌾 72.3%
Mangudai ×79 · Trebuchet (Packed) ×5 · Scout Cavalry ×1
Feudal
—
Castle
—
Imperial
—
| APM avg | 17.3 |
| APM peak | 53 |
| eAPM avg | 11.7 |
| Villagers / military | 122 / 87 |
Focus
⚔️ 18.5% · 🌾 81.5%
Skirmisher ×49 · Leitis ×36 · Monk ×2
Feudal
10:09
Castle
14:35
Imperial
30:43
| APM avg | 18.7 |
| APM peak | 57 |
| eAPM avg | 11.7 |
| Villagers / military | 81 / 34 |
Focus
⚔️ 21.4% · 🌾 78.6%
Genoese Crossbowman ×29 · Battering Ram ×3 · Mangonel ×2
Feudal
10:14
Castle
16:44
Imperial
35:52
| APM avg | 15.8 |
| APM peak | 50 |
| eAPM avg | 12.1 |
| Villagers / military | 113 / 49 |
Focus
⚔️ 19.4% · 🌾 80.6%
Cavalry Archer ×47 · Trebuchet (Packed) ×2
Feudal
—
Castle
—
Imperial
—
| APM avg | 7.8 |
| APM peak | 29 |
| eAPM avg | 5.0 |
| Villagers / military | 53 / 11 |
Focus
⚔️ 18.1% · 🌾 81.9%
Skirmisher ×11
Feudal
10:07
Castle
13:43
Imperial
27:52
| APM avg | 17.4 |
| APM peak | 57 |
| eAPM avg | 13.0 |
| Villagers / military | 118 / 87 |
Focus
⚔️ 19.6% · 🌾 80.4%
Knight ×60 · Scout Cavalry ×20 · Trebuchet (Packed) ×4 · Monk ×3
Match map
Initial resources + every placement click. Lines = walls · curves = elevation contours. ◆ gold · ⬟ stone · ● berries · ✦ relic · ◌ wall gap
Your base· ✓ Closed at 14:40 · 0t walls · 2 gate(s)
Crusader's base· ✓ Closed at 16:42 · 0t walls · 2 gate(s)
Phillipe Xander's base· ✓ Closed at 15:40 · 0t walls · 2 gate(s)
WeeMicheel's base· ✓ Closed at 16:10 · 0t walls · 3 gate(s)
Fatih's base· ✓ Closed at 14:35 · 0t walls · 2 gate(s)
gabriel052_'s base· ✓ Closed at 16:44 · 0t walls · 3 gate(s)
El viejo7335's base· ✓ Closed at 14:22 · 0t walls · 3 gate(s)
fili_hdez_9's base· ✓ Closed at 13:43 · 0t walls · 3 gate(s)
Smoothed initial terrain · ◌ = detected wall gap · hover for details
Inputs per minute
— TLD Dalkiel - - Crusader
Build order — TLD Dalkiel
First 150 of 231 actions detected
| 0:02 | Create | Villager (Male) |
| 0:05 | Build | House |
| 0:15 | Build | House |
| 0:24 | Create | Villager (Male) |
| 0:24 | Create | Villager (Male) |
| 0:24 | Create | Villager (Male) |
| 1:38 | Create | Villager (Male) |
| 1:56 | Build | Settlement |
| 1:58 | Create | Villager (Male) |
| 2:32 | Create | Villager (Male) |
| 2:56 | Create | Villager (Male) |
| 3:15 | Create | Villager (Male) |
| 3:42 | Create | Villager (Male) |
| 3:52 | Build | House |
| 4:09 | Create | Villager (Male) |
| 4:33 | Create | Villager (Male) |
| 4:40 | Build | House |
| 4:50 | Create | Villager (Male) |
| 5:18 | Create | Villager (Male) |
| 5:33 | Build | Settlement |
| 5:52 | Create | Villager (Male) |
| 6:13 | Create | Villager (Male) |
| 6:34 | Create | Villager (Male) |
| 6:58 | Create | Villager (Male) |
| 7:26 | Create | Villager (Male) |
| 7:27 | Create | Villager (Male) |
| 7:55 | Create | Villager (Male) |
| 8:11 | Research | Loom |
| 8:55 | Build | Settlement |
| 8:59 | Research | Feudal Age |
| 10:23 | Create | Villager (Male) |
| 10:23 | Create | Villager (Male) |
| 10:24 | Create | Villager (Male) |
| 10:24 | Create | Villager (Male) |
| 10:24 | Create | Villager (Male) |
| 11:30 | Build | Market |
| 11:34 | Build | Blacksmith |
| 11:41 | Research | Double-Bit Axe |
| 11:43 | Research | Horse Collar |
| 12:05 | Build | Farm |
| 12:05 | Build | Farm |
| 12:14 | Build | Farm |
| 12:18 | Build | Farm |
| 12:23 | Build | Farm |
| 12:24 | Build | Farm |
| 12:43 | Build | Farm |
| 13:07 | Build | Farm |
| 13:18 | Build | Settlement |
| 13:27 | Create | Villager (Male) |
| 13:36 | Build | Farm |
| 13:51 | Create | Villager (Male) |
| 14:00 | Build | Farm |
| 14:15 | Create | Villager (Male) |
| 14:22 | Build | Farm |
| 14:40 | Research | Castle Age |
| 14:46 | Build | Farm |
| 15:39 | Research | Stone Mining |
| 15:42 | Research | Gold Mining |
| 16:06 | Build | Barracks |
| 17:16 | Create | Villager (Male) |
| 17:33 | Build | House |
| 17:44 | Create | Villager (Male) |
| 17:52 | Build | Farm |
| 18:03 | Build | House |
| 18:18 | Research | Bow Saw |
| 18:25 | Build | House |
| 18:40 | Build | Gate |
| 18:44 | Build | Stone Wall |
| 18:48 | Create | Villager (Male) |
| 18:58 | Create | Villager (Male) |
| 19:23 | Build | Town Center |
| 19:27 | Create | Villager (Male) |
| 19:52 | Build | House |
| 19:56 | Create | Villager (Male) |
| 20:17 | Create | Villager (Male) |
| 20:17 | Create | Villager (Male) |
| 20:20 | Create | Villager (Male) |
| 20:22 | Research | Wheelbarrow |
| 20:37 | Build | Castle |
| 20:43 | Build | House |
| 20:50 | Create | Villager (Male) |
| 21:21 | Build | Archery Range |
| 21:47 | Build | House |
| 21:54 | Create | Villager (Male) |
| 22:00 | Research | Imperial Age |
| 22:18 | Build | House |
| 22:21 | Create | Bolas Rider |
| 22:31 | Create | Villager (Male) |
| 22:31 | Create | Villager (Male) |
| 22:42 | Build | Town Center |
| 22:50 | Create | Bolas Rider |
| 22:54 | Research | Fletching |
| 23:07 | Build | University |
| 23:27 | Create | Kona |
| 23:30 | Create | Bolas Rider |
| 23:32 | Create | Villager (Male) |
| 23:41 | Research | Padded Archer Armor |
| 23:46 | Create | Bolas Rider |
| 23:48 | Create | Kona |
| 23:55 | Build | House |
| 24:06 | Research | Town Watch |
| 24:08 | Create | Villager (Male) |
| 24:19 | Create | Bolas Rider |
| 24:22 | Create | Kona |
| 24:29 | Create | Villager (Male) |
| 24:30 | Create | Villager (Male) |
| 24:34 | Build | House |
| 24:53 | Create | Villager (Male) |
| 24:57 | Create | Villager (Male) |
| 25:06 | Build | Farm |
| 25:07 | Build | Farm |
| 25:08 | Build | Farm |
| 25:16 | Build | Farm |
| 25:18 | Create | Villager (Male) |
| 25:21 | Create | Bolas Rider |
| 25:27 | Build | House |
| 25:35 | Create | Villager (Male) |
| 25:38 | Create | Villager (Male) |
| 26:30 | Research | Conscription |
| 26:32 | Create | Villager (Male) |
| 26:37 | Create | Villager (Male) |
| 26:42 | Build | Farm |
| 26:47 | Build | Farm |
| 26:49 | Build | Farm |
| 26:52 | Create | Villager (Male) |
| 26:52 | Create | Villager (Male) |
| 26:58 | Research | Ballistics |
| 27:28 | Build | Gate |
| 27:32 | Create | Trebuchet (Packed) |
| 27:38 | Create | Villager (Male) |
| 27:45 | Build | Farm |
| 27:48 | Create | Villager (Male) |
| 27:48 | Create | Villager (Male) |
| 27:49 | Create | Villager (Male) |
| 27:59 | Build | House |
| 28:01 | Create | Bolas Rider |
| 28:08 | Create | Villager (Male) |
| 28:13 | Build | Farm |
| 28:17 | Create | Villager (Male) |
| 28:33 | Research | Heavy Plow |
| 28:43 | Build | Farm |
| 28:48 | Create | Villager (Male) |
| 28:51 | Research | Hand Cart |
| 28:51 | Create | Villager (Male) |
| 28:55 | Create | Villager (Male) |
| 29:01 | Create | Bolas Rider |
| 29:26 | Create | Villager (Male) |
| 29:41 | Build | Archery Range |
| 30:07 | Research | Bodkin Arrow |
| 30:08 | Research | Leather Archer Armor |
Build order — Crusader
128 actions detected in the replay
| 0:03 | Create | Villager (Male) |
| 0:03 | Create | Villager (Male) |
| 0:03 | Research | Loom |
| 0:04 | Create | Villager (Male) |
| 0:04 | Create | Villager (Male) |
| 0:05 | Build | House |
| 0:06 | Build | House |
| 0:07 | Build | House |
| 0:32 | Create | Villager (Male) |
| 0:32 | Create | Villager (Male) |
| 1:43 | Create | Villager (Male) |
| 1:43 | Create | Villager (Male) |
| 2:06 | Create | Villager (Male) |
| 2:06 | Create | Villager (Male) |
| 2:21 | Build | Lumber Camp |
| 2:48 | Create | Villager (Male) |
| 2:48 | Create | Villager (Male) |
| 3:25 | Create | Villager (Male) |
| 3:40 | Create | Villager (Male) |
| 3:54 | Create | Villager (Male) |
| 4:23 | Create | Villager (Male) |
| 5:00 | Create | Villager (Male) |
| 5:10 | Build | Mill |
| 5:22 | Build | House |
| 5:36 | Create | Villager (Male) |
| 5:37 | Create | Villager (Male) |
| 5:55 | Create | Villager (Male) |
| 6:08 | Create | Villager (Male) |
| 6:38 | Create | Villager (Male) |
| 6:47 | Create | Villager (Male) |
| 7:17 | Create | Villager (Male) |
| 7:26 | Build | House |
| 7:35 | Create | Villager (Male) |
| 7:50 | Build | House |
| 8:30 | Create | Villager (Male) |
| 8:49 | Create | Villager (Male) |
| 8:54 | Build | Farm |
| 8:58 | Build | Farm |
| 8:59 | Build | Farm |
| 9:01 | Create | Villager (Male) |
| 9:05 | Build | Farm |
| 9:36 | Create | Villager (Male) |
| 9:53 | Research | Feudal Age |
| 10:17 | Build | Mining Camp |
| 10:51 | Create | Villager (Male) |
| 10:51 | Build | Farm |
| 11:21 | Build | House |
| 11:28 | Build | House |
| 11:32 | Build | House |
| 12:21 | Age | Feudal Age |
| 12:31 | Build | Market |
| 12:33 | Build | Blacksmith |
| 12:35 | Create | Villager (Male) |
| 12:45 | Create | Villager (Male) |
| 13:31 | Create | Villager (Male) |
| 13:50 | Research | Castle Age |
| 14:16 | Build | Barracks |
| 15:16 | Build | Stable |
| 15:19 | Build | Stable |
| 15:45 | Build | Archery Range |
| 16:00 | Research | Double-Bit Axe |
| 16:02 | Create | Villager (Male) |
| 16:32 | Build | Mill |
| 16:35 | Create | Villager (Male) |
| 16:42 | Age | Castle Age |
| 16:48 | Create | Villager (Male) |
| 16:55 | Build | Farm |
| 16:56 | Create | Skirmisher |
| 16:57 | Create | Skirmisher |
| 17:01 | Create | Villager (Male) |
| 17:04 | Build | House |
| 17:26 | Build | Archery Range |
| 17:29 | Create | Skirmisher |
| 17:42 | Create | Villager (Male) |
| 17:51 | Create | Archer |
| 17:57 | Create | Archer |
| 17:59 | Create | Villager (Male) |
| 18:24 | Create | Archer |
| 18:25 | Create | Archer |
| 18:27 | Create | Cavalry Archer |
| 18:27 | Create | Cavalry Archer |
| 18:30 | Create | Skirmisher |
| 18:30 | Create | Skirmisher |
| 18:34 | Create | Villager (Male) |
| 18:50 | Create | Skirmisher |
| 18:50 | Create | Skirmisher |
| 19:17 | Create | Skirmisher |
| 19:21 | Research | Fletching |
| 19:21 | Research | Padded Archer Armor |
| 19:23 | Research | Elite Skirmisher (upgrade) |
| 19:25 | Create | Skirmisher |
| 19:34 | Create | Villager (Male) |
| 19:48 | Create | Villager (Male) |
| 19:54 | Create | Skirmisher |
| 20:07 | Create | Villager (Male) |
| 20:34 | Build | Farm |
| 20:36 | Build | Farm |
| 20:38 | Build | Farm |
| 20:47 | Create | Villager (Male) |
| 20:50 | Create | Skirmisher |
| 20:50 | Create | Skirmisher |
| 20:52 | Create | Villager (Male) |
| 21:17 | Create | Skirmisher |
| 21:18 | Create | Skirmisher |
| 21:21 | Build | House |
| 21:23 | Build | House |
| 21:28 | Create | Villager (Male) |
| 21:31 | Create | Skirmisher |
| 21:32 | Create | Skirmisher |
| 21:39 | Build | House |
| 21:43 | Research | Wheelbarrow |
| 22:01 | Build | Siege Workshop |
| 22:23 | Build | Town Center |
| 22:47 | Create | Villager (Male) |
| 22:51 | Create | Battering Ram |
| 23:05 | Build | Farm |
| 23:05 | Build | Farm |
| 23:07 | Create | Villager (Male) |
| 23:08 | Create | Villager (Male) |
| 23:22 | Create | Villager (Male) |
| 23:23 | Create | Villager (Male) |
| 23:27 | Create | Skirmisher |
| 23:28 | Create | Skirmisher |
| 23:32 | Create | Skirmisher |
| 23:33 | Create | Skirmisher |
| 23:37 | Build | Farm |
| 23:38 | Build | Farm |
| 23:40 | Build | Farm |
Build order — Phillipe Xander
First 150 of 346 actions detected
| 0:02 | Create | Villager (Male) |
| 0:03 | Create | Villager (Male) |
| 0:03 | Create | Villager (Male) |
| 0:03 | Create | Villager (Male) |
| 0:04 | Build | House |
| 0:07 | Build | House |
| 0:11 | Build | House |
| 0:38 | Build | House |
| 1:45 | Create | Villager (Male) |
| 2:02 | Research | Loom |
| 2:29 | Create | Villager (Male) |
| 2:47 | Create | Villager (Male) |
| 2:55 | Create | Villager (Male) |
| 3:03 | Create | Villager (Male) |
| 3:45 | Create | Villager (Male) |
| 4:15 | Build | Mill |
| 4:23 | Create | Villager (Male) |
| 4:30 | Create | Villager (Male) |
| 4:43 | Create | Villager (Male) |
| 4:59 | Create | Villager (Male) |
| 5:19 | Create | Villager (Male) |
| 5:43 | Create | Villager (Male) |
| 6:03 | Create | Villager (Male) |
| 6:20 | Create | Villager (Male) |
| 6:41 | Create | Villager (Male) |
| 6:49 | Create | Villager (Male) |
| 6:57 | Create | Villager (Male) |
| 7:16 | Build | Lumber Camp |
| 7:18 | Create | Villager (Male) |
| 8:33 | Create | Villager (Male) |
| 8:41 | Build | Mill |
| 9:18 | Research | Feudal Age |
| 9:37 | Build | Mining Camp |
| 11:08 | Create | Villager (Male) |
| 11:13 | Build | House |
| 11:28 | Age | Feudal Age |
| 11:35 | Build | Blacksmith |
| 11:44 | Create | Villager (Male) |
| 12:12 | Build | Market |
| 12:19 | Create | Villager (Male) |
| 12:54 | Research | Castle Age |
| 13:14 | Research | Double-Bit Axe |
| 13:22 | Research | Horse Collar |
| 14:04 | Build | Farm |
| 14:04 | Build | Farm |
| 14:26 | Build | Lumber Camp |
| 15:03 | Build | Farm |
| 15:04 | Build | Farm |
| 15:11 | Build | Farm |
| 15:11 | Build | Farm |
| 15:24 | Build | House |
| 15:25 | Build | House |
| 15:29 | Create | Villager (Male) |
| 15:40 | Age | Castle Age |
| 15:47 | Build | Town Center |
| 15:54 | Research | Heavy Plow |
| 16:06 | Create | Villager (Male) |
| 16:25 | Create | Villager (Male) |
| 16:32 | Build | House |
| 16:35 | Create | Villager (Male) |
| 16:50 | Build | Farm |
| 16:50 | Build | Farm |
| 16:51 | Build | Farm |
| 16:51 | Build | Farm |
| 16:55 | Create | Villager (Male) |
| 16:58 | Build | Farm |
| 16:58 | Build | Farm |
| 17:05 | Build | Farm |
| 17:06 | Create | Villager (Male) |
| 17:15 | Build | Farm |
| 17:22 | Create | Villager (Male) |
| 17:43 | Build | House |
| 17:46 | Create | Villager (Male) |
| 18:00 | Build | Town Center |
| 18:07 | Create | Villager (Male) |
| 18:13 | Create | Villager (Male) |
| 18:18 | Build | Farm |
| 18:19 | Create | Villager (Male) |
| 18:24 | Build | House |
| 18:26 | Create | Villager (Male) |
| 18:38 | Build | Farm |
| 18:39 | Create | Villager (Male) |
| 18:52 | Create | Villager (Male) |
| 19:01 | Create | Villager (Male) |
| 19:05 | Create | Villager (Male) |
| 19:22 | Create | Villager (Male) |
| 19:31 | Build | Farm |
| 19:32 | Create | Villager (Male) |
| 19:36 | Build | House |
| 19:37 | Build | House |
| 19:41 | Create | Villager (Male) |
| 19:51 | Create | Villager (Male) |
| 19:58 | Build | Farm |
| 19:58 | Create | Villager (Male) |
| 20:03 | Create | Villager (Male) |
| 20:08 | Create | Villager (Male) |
| 20:18 | Build | Town Center |
| 20:25 | Create | Villager (Male) |
| 20:36 | Create | Villager (Male) |
| 20:39 | Build | House |
| 20:40 | Create | Villager (Male) |
| 20:46 | Create | Villager (Male) |
| 20:55 | Build | Barracks |
| 20:57 | Create | Villager (Male) |
| 21:05 | Build | Barracks |
| 21:10 | Create | Villager (Male) |
| 21:21 | Create | Villager (Male) |
| 21:26 | Build | Farm |
| 21:27 | Build | Farm |
| 21:27 | Build | Farm |
| 21:27 | Build | Farm |
| 21:27 | Build | Farm |
| 21:31 | Create | Villager (Male) |
| 21:31 | Create | Villager (Male) |
| 21:37 | Create | Villager (Male) |
| 21:45 | Create | Villager (Male) |
| 21:52 | Create | Villager (Male) |
| 22:00 | Build | Stable |
| 22:06 | Create | Villager (Male) |
| 22:10 | Create | Villager (Male) |
| 22:18 | Build | Farm |
| 22:18 | Create | Villager (Male) |
| 22:23 | Build | Farm |
| 22:23 | Build | Farm |
| 22:26 | Create | Villager (Male) |
| 22:33 | Build | House |
| 22:36 | Create | Villager (Male) |
| 22:45 | Create | Villager (Male) |
| 22:53 | Create | Villager (Male) |
| 22:58 | Create | Villager (Male) |
| 23:02 | Create | Villager (Male) |
| 23:10 | Build | House |
| 23:13 | Create | Villager (Male) |
| 23:15 | Build | House |
| 23:16 | Create | Villager (Male) |
| 23:20 | Create | Villager (Male) |
| 23:24 | Create | Villager (Male) |
| 23:30 | Create | Villager (Male) |
| 23:38 | Create | Villager (Male) |
| 23:46 | Build | House |
| 23:47 | Create | Villager (Male) |
| 23:51 | Build | Farm |
| 23:51 | Build | Farm |
| 23:51 | Build | Farm |
| 23:51 | Build | Farm |
| 23:54 | Create | Villager (Male) |
| 23:54 | Create | Villager (Male) |
| 24:03 | Create | Villager (Male) |
| 24:07 | Create | Villager (Male) |
| 24:15 | Build | Castle |
Build order — WeeMicheel
First 150 of 281 actions detected
| 0:03 | Create | Villager (Male) ×5 |
| 0:04 | Create | Villager (Male) |
| 0:08 | Build | House |
| 0:12 | Build | House |
| 1:37 | Create | Villager (Male) |
| 2:05 | Create | Villager (Male) |
| 2:37 | Create | Villager (Male) |
| 3:09 | Create | Villager (Male) |
| 3:10 | Create | Villager (Male) |
| 3:53 | Create | Villager (Male) |
| 3:58 | Build | House |
| 4:13 | Create | Villager (Male) |
| 4:30 | Build | Mill |
| 5:07 | Create | Villager (Male) |
| 5:08 | Create | Villager (Male) |
| 5:08 | Create | Villager (Male) |
| 5:43 | Build | House |
| 6:00 | Create | Villager (Male) |
| 6:05 | Build | Lumber Camp |
| 6:38 | Research | Loom |
| 7:20 | Build | House |
| 7:53 | Create | Villager (Male) |
| 7:59 | Research | Feudal Age |
| 8:05 | Build | Mining Camp |
| 9:38 | Build | Lumber Camp |
| 9:57 | Create | Villager (Male) |
| 9:57 | Create | Villager (Male) |
| 10:13 | Research | Horse Collar |
| 10:16 | Research | Double-Bit Axe |
| 10:33 | Create | Villager (Male) |
| 10:33 | Create | Villager (Male) |
| 10:47 | Create | Villager (Male) |
| 10:47 | Create | Villager (Male) |
| 10:56 | Build | Blacksmith |
| 11:01 | Build | Market |
| 11:30 | Create | Villager (Male) |
| 11:30 | Create | Villager (Male) |
| 11:31 | Create | Villager (Male) |
| 11:31 | Create | Villager (Male) |
| 11:31 | Create | Villager (Male) |
| 11:39 | Build | House |
| 11:39 | Build | House |
| 11:41 | Build | House |
| 12:23 | Build | Mill |
| 12:30 | Create | Villager (Male) |
| 13:14 | Build | House |
| 13:33 | Build | Farm |
| 13:49 | Build | House |
| 13:57 | Build | Farm |
| 14:23 | Build | Farm |
| 14:47 | Build | Farm |
| 14:52 | Create | Villager (Male) |
| 14:52 | Create | Villager (Male) |
| 15:08 | Build | Farm |
| 15:09 | Build | Farm |
| 15:10 | Build | Farm |
| 15:12 | Build | Farm |
| 15:15 | Build | Farm |
| 15:37 | Build | Farm |
| 16:04 | Build | Farm |
| 16:10 | Research | Castle Age |
| 16:44 | Build | Mining Camp |
| 17:14 | Build | Farm |
| 17:15 | Build | Farm |
| 17:16 | Build | Farm |
| 17:40 | Research | Wheelbarrow |
| 18:02 | Research | Stone Mining |
| 18:53 | Build | Town Center |
| 18:59 | Build | Town Center |
| 19:01 | Research | Bow Saw |
| 19:07 | Build | Monastery |
| 19:13 | Research | Town Watch |
| 19:42 | Create | Monk |
| 19:54 | Research | Heavy Plow |
| 20:01 | Create | Villager (Male) |
| 20:01 | Create | Villager (Male) |
| 20:01 | Create | Villager (Male) |
| 20:02 | Create | Villager (Male) |
| 20:10 | Create | Monk |
| 20:15 | Create | Villager (Male) |
| 20:16 | Create | Villager (Male) |
| 20:16 | Create | Villager (Male) |
| 20:17 | Create | Villager (Male) |
| 20:21 | Create | Villager (Male) |
| 20:23 | Create | Villager (Male) |
| 20:24 | Create | Villager (Male) |
| 20:34 | Create | Villager (Male) |
| 20:34 | Create | Villager (Male) |
| 20:34 | Create | Villager (Male) |
| 20:37 | Create | Villager (Male) |
| 20:41 | Create | Villager (Male) |
| 21:00 | Create | Villager (Male) |
| 21:04 | Create | Villager (Male) |
| 21:06 | Create | Villager (Male) |
| 21:24 | Build | Farm |
| 21:25 | Build | Farm |
| 21:26 | Build | Farm |
| 21:27 | Build | Farm |
| 21:28 | Build | Farm |
| 21:34 | Build | Farm |
| 21:36 | Create | Villager (Male) |
| 21:38 | Create | Villager (Male) |
| 21:41 | Create | Villager (Male) |
| 22:07 | Create | Villager (Male) |
| 22:11 | Create | Villager (Male) |
| 22:12 | Create | Villager (Male) |
| 22:27 | Build | Farm |
| 22:28 | Build | Farm |
| 22:30 | Build | Farm |
| 22:30 | Build | Farm |
| 22:37 | Build | Farm |
| 22:44 | Build | Farm |
| 22:54 | Create | Villager (Male) |
| 22:56 | Create | Villager (Male) |
| 22:58 | Create | Villager (Male) |
| 22:58 | Create | Villager (Male) |
| 23:01 | Research | Gold Mining |
| 23:08 | Create | Villager (Male) |
| 23:15 | Build | House |
| 23:16 | Build | House |
| 23:19 | Build | House |
| 23:20 | Build | House |
| 23:40 | Build | Castle |
| 23:48 | Create | Villager (Male) |
| 23:51 | Research | Hand Cart |
| 23:54 | Create | Villager (Male) |
| 23:54 | Create | Villager (Male) |
| 24:25 | Build | Mill |
| 24:29 | Build | Farm |
| 24:30 | Build | Farm |
| 24:31 | Build | Farm |
| 24:33 | Build | Farm |
| 24:35 | Build | Farm |
| 24:36 | Build | Farm |
| 24:37 | Build | Farm |
| 24:40 | Create | Villager (Male) |
| 24:40 | Create | Villager (Male) |
| 24:41 | Create | Villager (Male) |
| 24:41 | Create | Villager (Male) |
| 24:41 | Create | Villager (Male) |
| 24:43 | Create | Villager (Male) |
| 24:46 | Create | Villager (Male) |
| 24:47 | Create | Villager (Male) |
| 24:54 | Research | Scale Barding Armor |
| 25:16 | Create | Villager (Male) |
| 25:18 | Create | Villager (Male) |
| 25:19 | Create | Villager (Male) |
| 25:19 | Create | Villager (Male) |
| 25:26 | Research | Stone Shaft Mining |
| 25:28 | Create | Villager (Male) |
Build order — Fatih
First 150 of 201 actions detected
| 0:01 | Create | Villager (Male) |
| 0:02 | Create | Villager (Male) |
| 0:02 | Create | Villager (Male) |
| 0:03 | Build | House |
| 0:05 | Build | House |
| 0:05 | Create | Villager (Male) |
| 0:06 | Create | Villager (Male) |
| 1:32 | Create | Villager (Male) |
| 1:32 | Create | Villager (Male) |
| 1:57 | Create | Villager (Male) |
| 1:57 | Create | Villager (Male) |
| 2:15 | Build | House |
| 2:27 | Build | Lumber Camp |
| 2:29 | Create | Villager (Male) |
| 2:45 | Build | House |
| 2:50 | Create | Villager (Male) |
| 3:02 | Create | Villager (Male) |
| 3:29 | Create | Villager (Male) |
| 3:56 | Create | Villager (Male) |
| 3:56 | Create | Villager (Male) |
| 4:31 | Create | Villager (Male) |
| 4:57 | Create | Villager (Male) |
| 5:10 | Build | Mill |
| 5:35 | Create | Villager (Male) |
| 5:36 | Create | Villager (Male) |
| 6:05 | Build | Mill |
| 6:26 | Create | Villager (Male) |
| 6:28 | Create | Villager (Male) |
| 7:15 | Build | Mining Camp |
| 7:30 | Research | Loom |
| 7:46 | Research | Feudal Age |
| 9:24 | Build | House |
| 9:34 | Create | Villager (Male) |
| 9:34 | Create | Villager (Male) |
| 10:09 | Age | Feudal Age |
| 10:19 | Build | Market |
| 10:42 | Create | Villager (Male) |
| 11:03 | Build | Blacksmith |
| 11:15 | Create | Villager (Male) |
| 11:25 | Research | Double-Bit Axe |
| 11:53 | Research | Horse Collar |
| 11:55 | Research | Castle Age |
| 12:19 | Build | Mining Camp |
| 12:46 | Research | Stone Mining |
| 13:02 | Research | Gold Mining |
| 13:34 | Build | House |
| 14:35 | Age | Castle Age |
| 14:58 | Build | Castle |
| 15:01 | Create | Villager (Male) |
| 15:53 | Create | Villager (Male) |
| 15:56 | Build | Farm |
| 16:04 | Build | Farm |
| 16:08 | Build | Farm |
| 16:11 | Build | Farm |
| 16:15 | Build | Farm |
| 16:25 | Build | Mining Camp |
| 16:30 | Build | Siege Workshop |
| 16:37 | Create | Villager (Male) |
| 16:58 | Create | Villager (Male) |
| 17:14 | Create | Battering Ram |
| 17:17 | Create | Villager (Male) |
| 17:18 | Create | Genoese Crossbowman |
| 17:43 | Create | Villager (Male) |
| 17:58 | Create | Genoese Crossbowman |
| 18:03 | Create | Villager (Male) |
| 18:17 | Research | Bow Saw |
| 18:25 | Build | Farm |
| 18:27 | Create | Villager (Male) |
| 18:38 | Build | Farm |
| 18:45 | Build | Farm |
| 18:48 | Build | Farm |
| 18:53 | Create | Genoese Crossbowman |
| 20:13 | Create | Mangonel |
| 20:15 | Create | Villager (Male) |
| 20:15 | Create | Villager (Male) |
| 20:20 | Research | Heavy Plow |
| 20:38 | Create | Genoese Crossbowman |
| 20:50 | Create | Villager (Male) |
| 21:08 | Create | Villager (Male) |
| 21:08 | Create | Villager (Male) |
| 21:09 | Create | Battering Ram |
| 21:21 | Create | Villager (Male) |
| 21:23 | Create | Mangonel |
| 21:33 | Create | Villager (Male) |
| 21:41 | Create | Villager (Male) |
| 21:51 | Create | Villager (Male) |
| 22:03 | Build | Town Center |
| 22:15 | Build | Farm |
| 22:17 | Build | Farm |
| 22:18 | Build | Farm |
| 22:19 | Build | Farm |
| 22:31 | Create | Genoese Crossbowman |
| 22:31 | Create | Genoese Crossbowman |
| 22:52 | Create | Genoese Crossbowman |
| 23:14 | Research | Fletching |
| 23:29 | Create | Battering Ram |
| 23:35 | Create | Genoese Crossbowman |
| 23:36 | Create | Genoese Crossbowman |
| 24:11 | Build | House |
| 24:11 | Build | House |
| 24:20 | Build | University |
| 24:29 | Build | Farm |
| 24:30 | Build | Farm |
| 24:35 | Build | Farm |
| 24:41 | Build | Farm |
| 24:41 | Create | Villager (Male) |
| 24:42 | Create | Villager (Male) |
| 24:52 | Build | Farm |
| 24:54 | Create | Villager (Male) |
| 25:04 | Build | Farm |
| 25:41 | Build | Monastery |
| 25:44 | Create | Villager (Male) |
| 25:45 | Create | Villager (Male) |
| 27:33 | Research | Imperial Age |
| 27:38 | Build | House |
| 27:39 | Build | House |
| 27:43 | Build | Barracks |
| 27:50 | Research | Padded Archer Armor |
| 28:46 | Build | House |
| 29:41 | Create | Villager (Male) |
| 29:41 | Create | Villager (Male) |
| 29:46 | Build | Archery Range |
| 29:53 | Build | Archery Range |
| 29:59 | Research | Wheelbarrow |
| 30:03 | Research | Bodkin Arrow |
| 30:08 | Research | Ballistics |
| 30:17 | Build | Farm |
| 30:22 | Build | Farm |
| 30:25 | Create | Villager (Male) |
| 30:26 | Create | Villager (Male) |
| 30:26 | Create | Villager (Male) |
| 30:26 | Create | Villager (Male) |
| 30:27 | Create | Villager (Male) |
| 30:40 | Research | Thumb Ring |
| 30:43 | Age | Imperial Age |
| 30:46 | Build | Castle |
| 30:50 | Research | Crop Rotation |
| 30:53 | Research | Two-Man Saw |
| 31:05 | Build | Lumber Camp |
| 31:18 | Build | Farm |
| 31:19 | Create | Villager (Male) |
| 31:19 | Create | Villager (Male) |
| 31:19 | Create | Villager (Male) |
| 31:26 | Research | Leather Archer Armor |
| 31:42 | Research | Chemistry |
| 31:49 | Create | Villager (Male) |
| 31:54 | Create | Villager (Male) |
| 32:12 | Create | Genoese Crossbowman |
| 32:13 | Create | Genoese Crossbowman |
| 32:34 | Create | Villager (Male) |
Build order — gabriel052_
First 150 of 284 actions detected
| 0:02 | Create | Villager (Male) |
| 0:03 | Create | Villager (Male) |
| 0:03 | Create | Villager (Male) |
| 0:03 | Create | Villager (Male) |
| 0:05 | Build | House |
| 0:07 | Build | House |
| 1:40 | Create | Villager (Male) |
| 1:55 | Create | Villager (Male) |
| 2:30 | Create | Villager (Male) |
| 3:19 | Create | Villager (Male) |
| 3:19 | Create | Villager (Male) |
| 4:06 | Create | Villager (Male) |
| 4:21 | Create | Villager (Male) |
| 4:38 | Build | House |
| 5:01 | Create | Villager (Male) |
| 5:01 | Create | Villager (Male) |
| 5:01 | Create | Villager (Male) |
| 5:26 | Create | Villager (Male) |
| 5:26 | Create | Villager (Male) |
| 5:26 | Create | Villager (Male) |
| 5:27 | Create | Villager (Male) |
| 5:54 | Build | Lumber Camp |
| 5:57 | Create | Villager (Male) |
| 5:58 | Create | Villager (Male) |
| 6:26 | Create | Villager (Male) |
| 6:57 | Build | Mill |
| 7:00 | Create | Villager (Male) |
| 7:13 | Build | House |
| 7:16 | Build | House |
| 7:45 | Research | Feudal Age |
| 9:15 | Build | Mill |
| 9:39 | Create | Villager (Male) |
| 9:39 | Create | Villager (Male) |
| 9:39 | Create | Villager (Male) |
| 10:14 | Age | Feudal Age |
| 10:15 | Create | Villager (Male) |
| 10:16 | Research | Double-Bit Axe |
| 11:13 | Build | Market |
| 11:25 | Create | Villager (Male) |
| 12:03 | Research | Wheelbarrow |
| 12:16 | Research | Horse Collar |
| 13:35 | Build | Blacksmith |
| 13:39 | Build | Farm |
| 13:41 | Build | Farm |
| 13:41 | Build | Farm |
| 13:47 | Build | Farm |
| 14:04 | Research | Castle Age |
| 14:09 | Build | Farm |
| 14:25 | Build | Farm |
| 15:02 | Build | Farm |
| 15:03 | Build | Farm |
| 15:04 | Build | Farm |
| 15:08 | Build | Farm |
| 15:17 | Build | Farm |
| 15:31 | Build | Farm |
| 15:48 | Build | Farm |
| 16:44 | Age | Castle Age |
| 16:49 | Build | Town Center |
| 16:53 | Create | Villager (Male) |
| 16:54 | Create | Villager (Male) |
| 16:54 | Create | Villager (Male) |
| 16:54 | Create | Villager (Male) |
| 16:54 | Create | Villager (Male) |
| 17:06 | Build | House |
| 17:43 | Research | Bow Saw |
| 17:46 | Create | Villager (Male) |
| 17:47 | Create | Villager (Male) |
| 17:47 | Create | Villager (Male) |
| 17:47 | Create | Villager (Male) |
| 17:47 | Create | Villager (Male) |
| 17:48 | Create | Villager (Male) |
| 17:48 | Create | Villager (Male) |
| 18:53 | Build | Town Center |
| 18:58 | Create | Villager (Male) |
| 18:58 | Create | Villager (Male) |
| 18:59 | Create | Villager (Male) |
| 19:38 | Create | Villager (Male) |
| 19:38 | Create | Villager (Male) |
| 19:38 | Create | Villager (Male) |
| 19:39 | Create | Villager (Male) |
| 19:39 | Create | Villager (Male) |
| 19:39 | Create | Villager (Male) |
| 19:40 | Create | Villager (Male) |
| 19:40 | Create | Villager (Male) |
| 19:47 | Build | Farm |
| 19:48 | Build | Farm |
| 19:49 | Build | Farm |
| 19:51 | Build | Farm |
| 20:15 | Build | Farm |
| 20:21 | Build | Farm |
| 20:25 | Build | Farm |
| 20:35 | Build | House |
| 20:36 | Build | House |
| 20:38 | Build | House |
| 20:39 | Build | House |
| 20:57 | Build | House |
| 20:58 | Build | House |
| 21:07 | Create | Villager (Male) |
| 21:07 | Create | Villager (Male) |
| 21:08 | Create | Villager (Male) |
| 21:08 | Create | Villager (Male) |
| 21:08 | Create | Villager (Male) |
| 21:08 | Create | Villager (Male) |
| 21:09 | Create | Villager (Male) |
| 21:09 | Create | Villager (Male) |
| 21:09 | Create | Villager (Male) |
| 21:09 | Create | Villager (Male) |
| 21:17 | Build | Mining Camp |
| 21:41 | Research | Heavy Plow |
| 21:53 | Create | Villager (Male) |
| 21:54 | Create | Villager (Male) |
| 21:54 | Create | Villager (Male) |
| 22:37 | Create | Villager (Male) |
| 22:38 | Create | Villager (Male) |
| 22:38 | Create | Villager (Male) |
| 22:38 | Create | Villager (Male) |
| 22:38 | Create | Villager (Male) |
| 22:45 | Build | Farm |
| 22:49 | Build | Farm |
| 22:50 | Build | Farm |
| 22:51 | Build | Farm |
| 22:52 | Build | Farm |
| 22:54 | Build | Farm |
| 22:59 | Build | Farm |
| 23:00 | Build | Farm |
| 23:04 | Build | Farm |
| 23:16 | Create | Villager (Male) |
| 23:16 | Create | Villager (Male) |
| 23:16 | Create | Villager (Male) |
| 23:17 | Create | Villager (Male) |
| 23:17 | Create | Villager (Male) |
| 23:17 | Create | Villager (Male) |
| 23:39 | Research | Gold Mining |
| 24:00 | Research | Stone Mining |
| 24:03 | Create | Villager (Male) |
| 24:03 | Create | Villager (Male) |
| 24:03 | Create | Villager (Male) |
| 24:04 | Create | Villager (Male) |
| 24:20 | Create | Villager (Male) |
| 24:21 | Create | Villager (Male) |
| 24:21 | Create | Villager (Male) |
| 24:35 | Build | Barracks |
| 24:46 | Build | House |
| 24:46 | Build | House |
| 24:47 | Build | House |
| 24:48 | Build | House |
| 24:50 | Build | House |
| 25:13 | Research | Town Watch |
| 25:13 | Research | Hand Cart |
| 25:14 | Research | Loom |
Build order — El viejo7335
100 actions detected in the replay
| 0:01 | Create | Villager (Male) |
| 0:01 | Create | Villager (Male) |
| 0:02 | Create | Villager (Male) |
| 0:02 | Create | Villager (Male) |
| 0:05 | Build | House |
| 0:11 | Build | House |
| 1:25 | Build | House |
| 1:27 | Build | House |
| 1:39 | Create | Villager (Male) |
| 2:03 | Build | Lumber Camp |
| 2:05 | Create | Villager (Male) |
| 2:05 | Create | Villager (Male) |
| 2:27 | Research | Loom |
| 2:47 | Create | Villager (Male) |
| 2:47 | Create | Villager (Male) |
| 3:14 | Create | Villager (Male) |
| 3:14 | Create | Villager (Male) |
| 3:19 | Create | Villager (Male) |
| 3:53 | Create | Villager (Male) |
| 4:20 | Create | Villager (Male) |
| 4:20 | Create | Villager (Male) |
| 4:58 | Create | Villager (Male) |
| 4:58 | Create | Villager (Male) |
| 5:29 | Create | Villager (Male) |
| 5:29 | Create | Villager (Male) |
| 6:06 | Create | Villager (Male) |
| 6:18 | Create | Villager (Male) |
| 6:18 | Create | Villager (Male) |
| 6:34 | Create | Villager (Male) |
| 7:02 | Create | Villager (Male) |
| 7:03 | Create | Villager (Male) |
| 7:10 | Build | Farm |
| 7:14 | Create | Villager (Male) |
| 7:37 | Build | Farm |
| 8:05 | Create | Villager (Male) |
| 8:06 | Create | Villager (Male) |
| 8:14 | Build | House |
| 8:34 | Build | Mill |
| 8:35 | Create | Villager (Male) |
| 8:42 | Build | House |
| 8:59 | Build | Mining Camp |
| 9:23 | Create | Villager (Male) |
| 9:44 | Build | Farm |
| 9:49 | Create | Villager (Male) |
| 10:07 | Build | Farm |
| 10:15 | Create | Villager (Male) |
| 10:45 | Create | Villager (Male) |
| 10:59 | Create | Villager (Male) |
| 11:25 | Build | Farm |
| 11:38 | Research | Feudal Age |
| 11:50 | Build | House |
| 12:05 | Build | Mill |
| 12:25 | Build | House |
| 12:32 | Build | House |
| 12:34 | Build | House |
| 12:43 | Build | Farm |
| 13:03 | Create | Villager (Male) |
| 13:04 | Create | Villager (Male) |
| 13:57 | Build | Market |
| 14:22 | Research | Castle Age |
| 15:04 | Research | Horse Collar |
| 15:13 | Research | Double-Bit Axe |
| 15:33 | Build | Gate |
| 15:40 | Build | Stone Wall |
| 15:51 | Build | Stone Wall |
| 16:43 | Build | Archery Range |
| 16:53 | Build | Archery Range |
| 16:56 | Build | Archery Range |
| 17:01 | Create | Villager (Male) |
| 17:01 | Create | Villager (Male) |
| 17:02 | Create | Villager (Male) |
| 17:02 | Create | Villager (Male) |
| 17:23 | Build | Mining Camp |
| 17:52 | Research | Elite Skirmisher (upgrade) |
| 17:53 | Create | Skirmisher |
| 17:54 | Create | Skirmisher |
| 17:54 | Create | Skirmisher |
| 17:54 | Create | Skirmisher |
| 17:55 | Create | Skirmisher |
| 17:55 | Create | Skirmisher |
| 17:55 | Create | Skirmisher |
| 17:55 | Create | Skirmisher |
| 17:55 | Create | Skirmisher |
| 18:38 | Create | Villager (Male) |
| 18:38 | Create | Villager (Male) |
| 18:51 | Create | Skirmisher |
| 18:52 | Create | Skirmisher |
| 19:09 | Build | Stone Wall |
| 20:05 | Create | Villager (Male) |
| 20:06 | Create | Villager (Male) |
| 20:06 | Create | Villager (Male) |
| 20:40 | Create | Villager (Male) |
| 20:52 | Build | Town Center |
| 21:27 | Create | Villager (Male) |
| 21:48 | Create | Villager (Male) |
| 21:48 | Create | Villager (Male) |
| 21:48 | Create | Villager (Male) |
| 21:48 | Create | Villager (Male) |
| 21:50 | Create | Villager (Male) |
| 21:50 | Create | Villager (Male) |
Build order — fili_hdez_9
First 150 of 280 actions detected
| 0:01 | Create | Villager (Male) |
| 0:01 | Create | Villager (Male) |
| 0:02 | Create | Villager (Male) |
| 0:02 | Create | Villager (Male) |
| 0:02 | Create | Villager (Male) |
| 0:02 | Create | Villager (Male) |
| 0:03 | Build | House |
| 0:05 | Build | House |
| 1:25 | Create | Villager (Male) |
| 2:05 | Create | Villager (Male) |
| 2:24 | Build | House |
| 2:27 | Build | House |
| 3:22 | Create | Villager (Male) |
| 3:22 | Create | Villager (Male) |
| 3:22 | Create | Villager (Male) |
| 3:22 | Create | Villager (Male) |
| 4:20 | Create | Villager (Male) |
| 4:21 | Create | Villager (Male) |
| 4:56 | Create | Villager (Male) |
| 5:17 | Build | Mill |
| 5:43 | Create | Villager (Male) |
| 5:44 | Create | Villager (Male) |
| 5:46 | Create | Villager (Male) |
| 6:25 | Create | Villager (Male) |
| 6:26 | Create | Villager (Male) |
| 7:24 | Build | Lumber Camp |
| 7:49 | Research | Feudal Age |
| 8:13 | Build | Mining Camp |
| 8:20 | Create | Villager (Male) |
| 8:20 | Create | Villager (Male) |
| 10:07 | Age | Feudal Age |
| 10:10 | Build | Market |
| 10:36 | Build | Blacksmith |
| 10:44 | Research | Loom |
| 11:03 | Research | Castle Age |
| 11:34 | Research | Double-Bit Axe |
| 12:15 | Research | Horse Collar |
| 12:31 | Build | House |
| 12:32 | Build | House |
| 12:49 | Create | Villager (Male) |
| 12:49 | Create | Villager (Male) |
| 12:50 | Create | Villager (Male) |
| 12:53 | Create | Villager (Male) |
| 12:54 | Research | Loom |
| 13:43 | Age | Castle Age |
| 13:46 | Build | Town Center |
| 14:13 | Build | Monastery |
| 14:38 | Create | Monk |
| 14:55 | Create | Villager (Male) |
| 14:55 | Create | Villager (Male) |
| 14:55 | Create | Villager (Male) |
| 14:56 | Create | Villager (Male) |
| 15:00 | Build | Farm |
| 15:01 | Build | Farm |
| 15:01 | Build | Farm |
| 15:05 | Create | Villager (Male) |
| 15:05 | Create | Villager (Male) |
| 15:39 | Create | Monk |
| 15:57 | Create | Villager (Male) |
| 16:00 | Build | Farm |
| 16:00 | Build | Farm |
| 16:05 | Build | Farm |
| 16:05 | Build | Farm |
| 16:05 | Build | Farm |
| 16:06 | Build | Farm |
| 16:13 | Build | Farm |
| 16:39 | Build | Farm |
| 16:39 | Build | Farm |
| 16:41 | Build | Farm |
| 16:47 | Build | House |
| 16:48 | Build | House |
| 16:48 | Build | House |
| 16:48 | Build | House |
| 16:49 | Build | House |
| 16:52 | Create | Villager (Male) |
| 17:05 | Create | Monk |
| 17:14 | Create | Villager (Male) |
| 17:17 | Build | Farm |
| 17:17 | Build | Farm |
| 17:17 | Build | Farm |
| 17:22 | Create | Villager (Male) |
| 17:27 | Build | Farm |
| 17:56 | Create | Villager (Male) |
| 17:56 | Create | Villager (Male) |
| 17:56 | Create | Villager (Male) |
| 18:17 | Create | Villager (Male) |
| 18:18 | Create | Villager (Male) |
| 18:23 | Build | Town Center |
| 18:34 | Build | Town Center |
| 18:40 | Create | Villager (Male) |
| 18:40 | Create | Villager (Male) |
| 18:40 | Create | Villager (Male) |
| 18:46 | Build | Farm |
| 18:46 | Build | Farm |
| 18:46 | Build | Farm |
| 18:55 | Build | Farm |
| 19:18 | Research | Bow Saw |
| 19:20 | Create | Villager (Male) |
| 19:20 | Create | Villager (Male) |
| 19:21 | Create | Villager (Male) |
| 19:28 | Research | Fervor |
| 19:44 | Create | Villager (Male) |
| 19:44 | Create | Villager (Male) |
| 19:44 | Create | Villager (Male) |
| 19:44 | Create | Villager (Male) |
| 19:49 | Build | Farm |
| 19:49 | Build | Farm |
| 19:54 | Research | Sanctity |
| 20:02 | Build | Lumber Camp |
| 20:07 | Create | Villager (Male) |
| 20:08 | Create | Villager (Male) |
| 20:08 | Create | Villager (Male) |
| 20:12 | Build | Farm |
| 20:22 | Build | House |
| 20:23 | Build | House |
| 20:24 | Build | House |
| 20:25 | Build | House |
| 20:38 | Create | Villager (Male) |
| 20:38 | Create | Villager (Male) |
| 20:39 | Create | Villager (Male) |
| 20:39 | Create | Villager (Male) |
| 20:47 | Build | Barracks |
| 21:02 | Create | Villager (Male) |
| 21:02 | Create | Villager (Male) |
| 21:02 | Create | Villager (Male) |
| 21:10 | Build | Mining Camp |
| 21:12 | Create | Villager (Male) |
| 21:23 | Research | Gold Mining |
| 21:23 | Research | Stone Mining |
| 21:42 | Research | Stone Mining |
| 21:56 | Create | Villager (Male) |
| 21:56 | Create | Villager (Male) |
| 21:57 | Create | Villager (Male) |
| 22:03 | Build | Farm |
| 22:04 | Build | Farm |
| 22:04 | Build | Farm |
| 22:04 | Build | Farm |
| 22:04 | Build | Farm |
| 22:16 | Build | Farm |
| 22:16 | Build | Farm |
| 22:16 | Build | Farm |
| 22:17 | Build | Farm |
| 22:17 | Build | Farm |
| 22:20 | Research | Heavy Plow |
| 22:58 | Build | University |
| 22:59 | Create | Villager (Male) |
| 22:59 | Create | Villager (Male) |
| 22:59 | Create | Villager (Male) |
| 23:00 | Create | Villager (Male) |
| 23:00 | Create | Villager (Male) |
Match timeline
| 10:07 | fili_hdez_9 · age_up feudal |
| 10:09 | Fatih · age_up feudal |
| 10:14 | gabriel052_ · age_up feudal |
| 11:28 | Phillipe Xander · age_up feudal |
| 12:21 | Crusader · age_up feudal |
| 12:45 | gabriel052_ · first_market_sell 100 wood |
| 13:39 | Crusader · first_market_sell 100 wood |
| 13:43 | fili_hdez_9 · age_up castle |
| 13:47 | Crusader · first_market_buy 100 food |
| 14:13 | fili_hdez_9 · first_building Monastery |
| 14:16 | Crusader · first_building Barracks |
| 14:35 | Fatih · age_up castle |
| 14:58 | Fatih · first_building Castle |
| 15:16 | Crusader · first_building Stable |
| 15:36 | fili_hdez_9 · first_market_sell 100 wood |
| 15:40 | Phillipe Xander · age_up castle |
| 15:40 | El viejo7335 · wall_segment Stone Wall x10 |
| 15:45 | Crusader · first_building Archery Range |
| 15:51 | El viejo7335 · wall_segment Stone Wall x7 |
| 16:06 | TLD Dalkiel · first_building Barracks |
| 16:30 | Fatih · first_building Siege Workshop |
| 16:42 | Crusader · age_up castle |
| 16:43 | El viejo7335 · first_building Archery Range |
| 16:44 | gabriel052_ · age_up castle |
| 18:12 | Fatih · first_market_buy 100 food |
| 18:44 | TLD Dalkiel · wall_segment Stone Wall x1 |
| 19:07 | WeeMicheel · first_building Monastery |
| 19:09 | El viejo7335 · wall_segment Stone Wall x4 |
| 20:37 | TLD Dalkiel · first_building Castle |
| 20:47 | fili_hdez_9 · first_building Barracks |
| 20:55 | Phillipe Xander · first_building Barracks |
| 21:21 | TLD Dalkiel · first_building Archery Range |
| 22:00 | Phillipe Xander · first_building Stable |
| 22:01 | Crusader · first_building Siege Workshop |
| 23:40 | WeeMicheel · first_building Castle |
| 23:56 | El viejo7335 · resign |
| 24:11 | fili_hdez_9 · first_building Stable |
| 24:15 | Phillipe Xander · first_building Castle |
| 24:35 | gabriel052_ · first_building Barracks |
| 24:38 | fili_hdez_9 · first_market_buy 100 food |
| 25:38 | gabriel052_ · first_building Archery Range |
| 25:41 | Fatih · first_building Monastery |
| 26:02 | Phillipe Xander · first_market_buy 100 stone |
| 27:43 | Fatih · first_building Barracks |
| 27:52 | fili_hdez_9 · age_up imperial |
| 29:09 | gabriel052_ · first_building Stable |
| 29:45 | fili_hdez_9 · first_building Castle |
| 29:46 | Fatih · first_building Archery Range |
| 30:43 | Fatih · age_up imperial |
| 30:59 | gabriel052_ · first_building Castle |
| 31:16 | WeeMicheel · first_building Barracks |
| 32:27 | Phillipe Xander · first_building Archery Range |
| 32:54 | WeeMicheel · first_building Archery Range |
| 33:19 | Phillipe Xander · age_up imperial |
| 33:36 | Fatih · first_market_sell 100 food |
| 33:38 | gabriel052_ · first_building Monastery |
| 35:52 | gabriel052_ · age_up imperial |
| 37:26 | TLD Dalkiel · first_market_sell 100 stone |
[ AI ANALYSIS · 1 CREDIT ]
What really happened in this match?
Wolo.gg analyzes every decision: build order, eco, micro, common mistakes by bracket. Personalized analysis on WhatsApp or Discord in 30 seconds.
Civ guide
Mapuche
Map guide
Arena
Perfil
Jugador #5945485